AoeStats
← DRiehl

MegaRandom

506248338Analyzed
2v2 RM · 18d ago on Sep 12, 2026· 20m 27s· 4 players
Game mode
Random Map
Map size
Medium (4 player)
Population
200
Speed
Normal
Resources
Standard
Victory
Conquest
Starting age
Dark Age
Ending age
Imperial Age
RankedLock teamsTeams togetherTeam positionsShared explorationLock speedFull tech treeHidden civsTurbo modeCheats
Victory
Defeat
🇺🇸 Sicilians · United States
434
+15
🇺🇸 Franks · United States
391
+16
🇫🇷 Khmer · France
406
-16
🇹🇷 Britons · Türkiye
400
-15
RAGEgh
0:37 Loom
10:59 Feudal Age
21:08 Castle Age
20:35 Wheelbarrow
RohanKingTheoden
8:04 Feudal Age
KIDSBURNFACE
1:16 Loom
11:48 Feudal Age
13:08 Wheelbarrow
12:19 Town Watch
12:37 Town Watch
13:43 Horse Collar
20:17 Gold Mining
DRiehl
11:20 Feudal Age
11:32 Loom
12:14 Double-Bit Axe
18:28 Scale Barding Armor
18:36 Forging
Connection lost

Rejoining the realm…

Still unreachable

The connection could not be restored.

Session expired

The server has moved on; the page needs a fresh start.